 Dungeon Crawl Stone Soup version 0.29.1-1-gd02db6906a (webtiles) character file.

Game seed: 2236840785714950436

2030 leavemydog the Thaumaturge (level 9, -8/45 HPs)
             Began as a Deep Elf Conjurer on Sept 23, 2022.
             Was a Follower of Vehumet.
             Engulfed by a steam dragon's steam (10 damage)
             ... on level 7 of the Dungeon.
             The game lasted 00:09:31 (7466 turns).

leavemydog the Thaumaturge (Deep Elf Conjurer)      Turns: 7466, Time: 00:09:31

Health: -8/45      AC:  2    Str:  4    XL:     9   Next: 3%
Magic:  1/24       EV: 12    Int: 28    God:    Vehumet [*.....]
Gold:   476        SH:  0    Dex: 13    Spells: 20/27 levels left

rFire   . . .      SeeInvis .   x - +1 short sword (venom)
rCold   . . .      Faith    .   (no shield)
rNeg    . . .      Spirit   .   a - +0 robe
rPois   .          Reflect  .   (no helmet)
rElec   .          Harm     .   (no cloak)
rCorr   .          Rampage  .   (no gloves)
Will    .....                   (no boots)
Stlth   ++........              (no amulet)
HPRegen 0.15/turn               (no ring)
MPRegen 0.19/turn               (no ring)

@: no status effects
A: no striking features
a: Renounce Religion


You were on level 7 of the Dungeon.
You worshipped Vehumet.
Vehumet was aware of your devotion.
You visited 1 branch of the dungeon, and saw 7 of its levels.

You collected 476 gold pieces.

Inventory:

Hand Weapons
 x - a +1 short sword of venom (weapon)
Armour
 a - a +0 robe (worn)
Wands
 b - a wand of paralysis (5)
 q - a wand of light (7)
 r - a wand of flame (12)
 v - a wand of iceblast (19)
Scrolls
 d - a scroll of enchant armour {unknown}
 e - 3 scrolls of butterflies {unknown}
 h - 2 scrolls of vulnerability
 i - a scroll of torment {unknown}
 l - a scroll of teleportation {unknown}
 o - 3 scrolls of noise
 p - 2 scrolls of immolation {unknown}
 s - a scroll of enchant weapon {unknown}
 u - a scroll of blinking
Potions
 c - 2 potions of lignification {unknown}
 f - 3 potions of flight
 j - 8 potions of curing
 k - a potion of might {unknown}
 m - 3 potions of brilliance {unknown}
 n - 2 potions of attraction {unknown}
 t - 2 potions of mutation {unknown}


   Skills:
 - Level 2.4 Dodging
 - Level 2.4 Stealth
 + Level 9.8 Spellcasting
 + Level 9.2 Conjurations
 * Level 5.1 Translocations
 - Level 3.0 Air Magic


You had 20 spell levels left.
You knew the following spells:

 Your Spells              Type           Power      Damage    Failure   Level
a - Magic Dart            Conj           100%       1d8       1%          1
b - Searing Ray           Conj           100%       2d8       1%          2
c - Iskenderun's Mystic   Conj/Tloc      52%        2d11      1%          4

Your spell library contained the following spells:

 Spells                   Type           Power      Damage    Failure   Level
 Shock                    Conj/Air       100%       1d9       1%          1
 Foxfire                  Conj/Fire      100%       2x1d9     1%          1
 Static Discharge         Conj/Air       48%        3-9/arc   1%          2
 Conjure Flame            Conj/Fire      39%        6-21      1%          3
 Dazzling Flash           Conj/Hex       78%        N/A       1%          3
 Poisonous Vapours        Pois/Air       44%        N/A       3%          2
 Sting                    Tmut/Pois      52%        1d5       4%          1
 Summon Small Mammal      Summ           52%        N/A       4%          1
 Flame Wave               Conj/Fire      39%        2d11      6%          4
 Fulminant Prism          Conj/Hex       19%        3d11      6%          4
 Lightning Bolt           Conj/Air       24%        1d39      9%          5
 Call Canine Familiar     Summ           13%        N/A       12%         3
 Inner Flame              Hex/Fire       13%        N/A       12%         3
 Summon Guardian Golem    Hex/Summ       13%        N/A       12%         3
 Olgreb's Toxic Radiance  Pois           13%        N/A       38%         4
 Maxwell's Capacitive Co  Air            15%        ∞         100%        8


Dungeon Overview and Level Annotations

Branches:
Dungeon (7/15)             Temple (0/1) D:6

Altars:
Fedhas
Gozag
Hepliaklqana
Ru
Sif Muna
Vehumet
Wu Jian
Xom

Shops:
D:2 (

Annotations:
D:3 2 transporters, enotiy's ghost, weakling MiBe


Message History

The searing ray misses the orc warrior.
You finish channelling your searing ray.
The orc warrior hits you with a +0 scimitar!
* * * LOW HITPOINT WARNING * * *
A steam dragon comes into view.
Casting: Searing Ray (safe; 1% risk of failure)
Confirm with . or Enter, or press ? or * to list all spells.
You erupt in a blast of force!
The mystic blast hits the orc warrior!
You kill the orc warrior!
Vehumet accepts your kill.
The steam dragon hisses angrily.
You have reached level 9!
Your experience leads to an increase in your attributes!
Increase (S)trength, (I)ntelligence, or (D)exterity?
You feel clever. x2
You feel better.
Casting: Iskenderun's Mystic Blast (dangerous; 1% risk of failure)
Confirm with . or Enter, or press ? or * to list all spells.
Aiming: Searing Ray (safe; 1% risk of failure)
Press: ? - help, Shift-Dir - straight line, f - steam dragon
Aim: a steam dragon (83% to hit)
The searing ray hits the steam dragon.
The steam dragon is lightly wounded. (Press . to maintain the ray.)
The steam dragon breathes steam at you. The ball of steam hits you!
* * * LOW HITPOINT WARNING * * *
The searing ray hits the steam dragon.
The steam dragon is moderately wounded.
You are engulfed in a cloud of scalding steam.
* * * LOW HITPOINT WARNING * * *
Casting: Searing Ray (safe; 1% risk of failure)
Confirm with . or Enter, or press ? or * to list all spells.
You erupt in a blast of force!
The mystic blast hits the steam dragon!
The steam dragon is severely wounded.
The steam dragon is knocked back by the mystic blast.
The steam dragon slams into the rock wall!
The steam dragon is severely wounded.
You are engulfed in a cloud of scalding steam.
You die...

### #.# #.# ############
#.# #..........#####.####
#.########..........####
#.# ######.#####........
#.# #D§@....(....##.####
...###.###.####.########.#
.........).)...#.# #.#
.....##.###?##.#.# #.#
.... ...# #D# #.# #.####
......... ... ... ......
.o.o.......... ... ......
..##.##........... .### ..
.............


You could see a steam dragon (catching breath).

Vanquished Creatures
  3 water moccasins
  An ice beast (D:6)
  A sky beast (D:6)
  An orc warrior (D:7)
  A black bear (D:6)
  2 ogres
  3 phantoms
  3 scorpions
  A howler monkey (D:6)
  3 jellies
  5 hounds
  2 gnoll boudas (D:5)
  An orc priest (D:6)
  4 orc wizards
  Natasha (thrice) (D:3)
  6 gnolls (D:5)
  6 adders
  A shadow imp (D:5)
  8 dart slugs
  12 orcs
  8 endoplasms
  5 giant cockroaches
  4 goblins
  8 hobgoblins
  2 jackals (D:3)
  10 kobolds
  10 quokkas
  5 ball pythons
  5 bats
  3 frilled lizards
  2 rats
129 creatures vanquished.

Notes
Turn   | Place    | Note
-------+----------+-------------------------------------------
     0 | D:1      | leavemydog the Deep Elf Conjurer began the quest for the
                  | Orb.
     0 | D:1      | Reached XP level 1. HP: 10/10 MP: 6/6
   423 | D:1      | Reached XP level 2. HP: 15/15 MP: 4/8
   426 | D:1      | Learned a level 2 spell: Searing Ray
   534 | D:1      | Reached skill level 5 in Conjurations
  1034 | D:1      | Reached XP level 3. HP: 19/19 MP: 6/9
  1243 | D:1      | Found a faded altar of an unknown god.
  1812 | D:2      | Found Eceaku's Weapon Boutique.
  2237 | D:3      | Reached XP level 4. HP: 24/24 MP: 8/11
  2242 | D:3      | Learned a level 4 spell: Iskenderun's Mystic Blast
  2328 | D:3      | Noticed Natasha
  2334 | D:3      | Killed Natasha
  2408 | D:3      | Found a transporter.
  2408 | D:3      | Noticed enotiy's ghost (weakling MiBe)
  2561 | D:3      | Noticed Natasha
  2564 | D:3      | Killed Natasha
  2565 | D:3      | Reached skill level 1 in Translocations
  2565 | D:3      | Reached XP level 5. HP: 28/28 MP: 8/13
  2662 | D:3      | Found an ornate altar of the Wu Jian Council.
  2664 | D:3      | Found a shimmering blue altar of Sif Muna.
  2720 | D:3      | Found a transporter.
  2832 | D:3      | Reached skill level 1 in Air Magic
  2901 | D:3      | Found a blossoming altar of Fedhas.
  3219 | D:3      | Found a hazy altar of Hepliaklqana.
  3221 | D:3      | Found a shimmering altar of Xom.
  3225 | D:3      | Found a radiant altar of Vehumet.
  3445 | D:3      | Became a worshipper of Vehumet
  3477 | D:3      | Noticed Natasha
  3482 | D:3      | Killed Natasha
  3566 | D:4      | Found a sacrificial altar of Ru.
  3573 | D:4      | Noticed an ogre
  3579 | D:4      | Killed an ogre
  3580 | D:4      | Reached skill level 5 in Spellcasting
  3580 | D:4      | Reached XP level 6. HP: 32/32 MP: 5/15
  4618 | D:4      | Reached XP level 7. HP: 36/36 MP: 10/18
  4886 | D:5      | Entered Level 5 of the Dungeon
  5221 | D:5      | Reached * piety under Vehumet
  5221 | D:5      | Offered knowledge of Shock by Vehumet.
  5513 | D:5      | Reached XP level 8. HP: 34/41 MP: 9/21
  6862 | D:6      | Found a staircase to the Ecumenical Temple.
  6910 | D:6      | Found an opulent altar of Gozag.
  7390 | D:7      | Reached skill level 5 in Translocations
  7459 | D:7      | Reached XP level 9. HP: 7/45 MP: 7/24
  7465 | D:7      | HP: 2/45 [steam dragon] (8)]
  7466 | D:7      | Engulfed by a steam dragon's steam

Illustrated notes

Levels and vault maps discovered:
D:1:      lemuel_arrival_river_passageway, layout_basic,
          shapermc_ecumenical_altar_pompeii
D:2:      layout_rooms, serial_shops, shop
D:3:      layout_basic, minitemple, fedhas_altar_1,
          chequers_temple_overflow_statue_of_worship, gammafunk_ghost_arena,
          uniq_natasha
D:4:      layout_loops_corners, nicolae_ru_sacrificial_ziggurat,
          minmay_misc_feat_roman
D:5:      layout_cave_pools, chequers_serial_rivers_marsh
D:6:      layout_basic, nicolae_gozag_seed_capital,
          minmay_temple_entry_junction, reono_crystal_passage
D:7:      layout_basic, mainiacjoe_overflow_surrounded_room, enter_bailey_5,
          serial_shops, shop, grunt_ministairs_11

Skill      XL: |  1  2  3  4  5  6  7  8 |
---------------+-------------------------+-----
Conjurations   | 5 6 7 9 |  9.2
Spellcasting   | 4 5 6 7 9 |  9.8
Translocations | 1 2 3 5 |  5.1
Air Magic      | 1 2 3 |  3.0
Dodging        | |  2.4
Stealth        | |  2.4

Action                   |  1- 3 |  4- 6 |  7- 9 || total
-------------------------+-------+-------+-------++-------
Melee: Unarmed           |     1 |       |       ||     1
 Cast: Magic Dart        |   100 |    94 |    86 ||   280
       Searing Ray       |       |     9 |    30 ||    39
       Iskenderun's Myst |       |       |     4 ||     4
  Use: Scroll            |       |     5 |     3 ||     8
       Potion            |       |       |     3 ||     3
Armor: Robe              |     1 |     1 |     5 ||     7
Dodge: Dodged            |     1 |     9 |    25 ||    35
